Map: Habitation Station LE (Void)

Players

remiew - Winner!

  • Race: Zerg Zerg
  • League: Diamond
  • Spawn Location: 1:00

Aeris

  • Race: Terran Terran
  • Spawn Location: 11:00

VOD

Have the link to the VOD?

Description

Time

  • Played on: Nov. 23, 2016, 5:36 p.m.
  • Length: 18:22
Show
View Real Time Build Order
Export as new Build Order

remiew Zerg - Winner!

Build Orders: Hatch First 

Get SALT Encoding   

  12  0:01  Drone  
  13  0:15  Overlord  
  13  0:18  Drone  
  14  0:33  Drone x2  
  16  0:37  Drone  
  17  0:55  Drone  
  18  0:57  Hatchery  
  18  0:59  Drone  
  18  1:10  Extractor  
  17  1:16  Spawning Pool  
  17  1:18  Drone  
  17  1:21  Drone  
  18  1:31  Drone  
  19  1:43  Overlord  
  19  2:03  Queen  
  19  2:04  Zergling x2  
  19  2:05  Zergling x2  
  23  2:09  Queen  
  23  2:11  Zergling x2  
  26  2:16  Metabolic Boost  
  26  2:18  Drone  
  26  2:20  Drone  
  28  2:26  Overlord  
  28  2:43  Queen  
  30  2:45  Queen  
  30  2:49  Drone x3  
  35  2:52  Drone  
  36  2:59  Overlord  
  36  3:05  Drone x2  
  38  3:24  Drone x8  
  46  3:37  Hatchery  
  45  3:44  Extractor  
  45  3:45  Drone x3  
  45  3:46  Drone, Extractor  
  47  4:00  Spore Crawler  
  46  4:03  Drone x2  
  46  4:04  Drone  
  46  4:05  Overlord x2  
  49  4:10  Spore Crawler  
  48  4:17  Spore Crawler  
  48  4:18  Drone x2  
  48  4:19  Drone  
  50  4:27  Evolution Chamber  
  50  4:28  Roach Warren  
  50  4:30  Evolution Chamber  
  47  4:33  Drone x3  
  47  4:37  Zergling x2  
  47  4:38  Zergling x8  
  55  4:51  Drone x6  
  61  4:56  Queen  
  63  5:01  Queen  
  65  5:12  Drone  
  65  5:13  Drone  
  67  5:15  Zerg Ground Armor Level 1  
  67  5:18  Zerg Missile Weapons Level 1  
  67  5:21  Queen  
  69  5:26  Zergling x2  
  69  5:27  Zergling x8  
  74  5:30  Overlord  
  74  5:31  Overlord  
  74  5:40  Spore Crawler  
  73  5:44  Lair  
  73  5:48  Drone  
  73  5:49  Drone x7  
  81  6:05  Drone  
  81  6:06  Drone x4  
  86  6:15  Extractor x2  
  84  6:18  Hatchery  
  84  6:19  Baneling Nest  
  84  6:20  Extractor  
  81  6:37  Drone  
  81  6:38  Drone x2  
  81  6:39  Drone x3  
  87  6:44  Spire  
  86  6:49  Roach  
  86  6:50  Roach  
  86  6:52  Overlord  
  86  6:53  Overlord x7  
  90  7:08  Glial Reconstitution  
  90  7:11  Roach x9  
  89  7:51  Infestation Pit  
  86  7:52  Drone x9  
  86  7:53  Drone x2  
  91  8:13  Zerg Ground Armor Level 2, Zerg Missile Weapons Level 2  
  91  8:15  Corruptor  
  91  8:16  Corruptor x3  
  99  8:27  Spore Crawler  
  99  8:32  Infestation Pit, Overseer x2  
  97  8:37  Drone x3  
  97  8:38  Extractor  
  97  8:39  Drone x4  
  103  8:42  Extractor  
  102  9:04  Roach x13  
  128  9:10  Queen  
  128  9:11  Queen  
  128  9:16  Queen  
  134  9:24  Hive  
  134  9:27  Infestor  
  136  9:31  Overlord  
  136  9:32  Overlord x2  
  136  9:50  Ravager x12  
  148  10:03  Queen x3  
  148  10:05  Overlord  
  148  10:06  Overlord x5  
  134  10:42  Zerg Missile Weapons Level 3, Zerg Ground Armor Level 3  
  134  10:45  Drone x4  
  134  10:49  Greater Spire  
  138  10:56  Adrenal Glands  
  138  11:00  Drone x2  
  140  11:28  Drone x8  
  143  12:00  Corruptor x8  
  143  12:01  Corruptor  
  104  12:23  Queen  
  104  12:24  Queen x3  
  108  12:30  Corruptor  
  108  12:31  Corruptor x3  
  108  12:36  Brood Lord  
  118  12:37  Brood Lord  
  118  12:41  Brood Lord  
  122  12:51  Corruptor  
  122  12:53  Corruptor  
  122  12:57  Drone  
  122  12:58  Drone x2  
  129  13:00  Drone x2  
  131  13:10  Brood Lord  
  131  13:12  Overlord x3  
  133  13:13  Overlord  
  133  13:14  Overseer x3  
  133  13:21  Corruptor  
  135  13:27  Corruptor  
  137  13:45  Hatchery  
  136  13:54  Corruptor x4  
  144  14:14  Hatchery  
  144  14:16  Queen x4  
  151  14:24  Corruptor  
  151  14:25  Corruptor x3  
  151  14:30  Brood Lord  
  161  14:34  Brood Lord  
  157  14:52  Drone x10  
  158  14:59  Corruptor  
  154  15:23  Brood Lord x4  
  154  15:28  Drone x2  
  163  15:29  Drone x2  
  165  15:36  Spore Crawler  
  164  15:46  Corruptor  
  164  15:47  Corruptor x2  
  168  16:07  Corruptor x4  
  156  16:32  Corruptor x5  
  144  16:52  Corruptor x4  
  150  16:55  Zergling x2  
  150  16:56  Zergling x2  
  140  17:29  Roach x13  
  160  17:54  Brood Lord  
  160  17:56  Brood Lord  
Show
View Real Time Build Order
Export as new Build Order

Aeris Terran 

Build Orders: Mech 

Get SALT Encoding   

  12  0:01  SCV  
  13  0:13  SCV  
  14  0:21  Supply Depot  
  14  0:26  SCV  
  15  0:42  SCV  
  16  0:43  Barracks  
  16  0:51  Refinery  
  16  0:54  SCV  
  17  1:06  SCV  
  18  1:19  SCV  
  20  1:35  Orbital Command  
  20  1:38  Reaper  
  20  1:40  Command Center  
  20  1:52  Supply Depot  
  20  2:01  SCV  
  21  2:09  Marine  
  21  2:13  SCV  
  23  2:16  Factory  
  23  2:22  Refinery  
  23  2:25  SCV  
  24  2:41  SCV  
  25  2:53  Barracks Reactor, SCV  
  25  2:57  Orbital Command  
  26  3:05  Command Center  
  26  3:06  SCV  
  26  3:07  Factory Tech Lab  
  26  3:09  Bunker  
  27  3:18  SCV  
  28  3:25  SCV  
  29  3:28  Siege Tank  
  29  3:30  SCV  
  33  3:38  SCV  
  33  3:42  Supply Depot x2, SCV  
  34  3:50  SCV  
  34  3:52  Starport  
  34  3:55  SCV  
  36  4:00  Siege Tank  
  36  4:02  SCV  
  40  4:09  SCV, Supply Depot  
  41  4:14  SCV  
  42  4:21  SCV  
  42  4:24  Refinery, Orbital Command  
  43  4:26  Factory  
  43  4:38  Infernal Pre-Igniter  
  43  4:40  Hellion  
  43  4:41  SCV  
  43  4:42  SCV  
  47  4:50  SCV  
  48  4:53  SCV  
  48  4:54  Refinery, SCV  
  50  5:00  Starport Reactor  
  50  5:02  SCV  
  50  5:06  SCV x2  
  53  5:07  Armory  
  53  5:10  Supply Depot  
  53  5:11  Supply Depot  
  53  5:14  SCV  
  53  5:17  Armory  
  53  5:18  Engineering Bay, SCV x2  
  56  5:26  SCV  
  56  5:27  Liberator  
  56  5:28  Liberator  
  57  5:30  SCV x2  
  59  5:36  Supply Depot  
  59  5:39  SCV  
  59  5:40  Hellion x3  
  59  5:42  SCV  
  67  5:43  SCV  
  74  5:56  SCV  
  76  5:57  Missile Turret  
  78  6:04  Siege Tank, Hellion  
  78  6:05  Orbital Command, Hellion  
  82  6:14  SCV  
  83  6:25  Missile Turret  
  83  6:28  Terran Vehicle And Ship Armor Level 1, Terran Vehicle Weapons Level 1  
  83  6:36  Siege Tank, Hellion x2  
  90  6:43  SCV x3  
  90  6:46  Supply Depot  
  93  6:55  SCV x2  
  93  6:57  Refinery x2  
  93  7:00  Hellion  
  93  7:01  Hellion  
  99  7:02  Viking x2  
  99  7:07  SCV x3  
  99  7:08  Factory  
  106  7:09  Factory  
  106  7:12  Hellion  
  108  7:19  SCV  
  108  7:22  Hellion  
  111  7:34  Thor  
  117  7:44  Hellion  
  117  7:45  Hellion  
  110  7:53  Factory Tech Lab  
  110  7:54  Factory Tech Lab  
  110  8:00  Missile Turret x2  
  110  8:02  Liberator  
  112  8:05  Hellion  
  112  8:06  Hellion  
  112  8:12  Command Center x2  
  114  8:16  Sensor Tower  
  117  8:24  Supply Depot x3  
  117  8:27  Missile Turret x2  
  117  8:29  Terran Vehicle Weapons Level 2, Terran Vehicle And Ship Armor Level 2  
  114  8:45  Thor  
  120  8:48  Siege Tank  
  120  8:49  Siege Tank  
  120  8:50  Hellion x2  
  120  8:54  Missile Turret  
  130  8:57  Missile Turret, Hi-Sec Auto Tracking  
  130  9:00  Liberator x2  
  130  9:01  Sensor Tower  
  130  9:02  Missile Turret  
  130  9:04  Missile Turret x2  
  130  9:07  Supply Depot  
  130  9:08  Supply Depot  
  130  9:11  Hellion  
  130  9:12  SCV  
  133  9:21  Hellion  
  133  9:22  Supply Depot  
  141  9:36  Command Center  
  139  10:03  Thor x2  
  139  10:05  Siege Tank  
  154  10:20  Hellion x2  
  154  10:21  Hellion x12  
  154  10:24  Hellion x2  
  154  10:26  Starport  
  156  10:31  Starport  
  156  10:37  Siege Tank, Starport  
  156  10:41  Starport  
  156  10:46  Siege Tank  
  156  10:48  Siege Tank  
  162  10:53  Planetary Fortress  
  162  10:55  Planetary Fortress  
  162  11:01  Missile Turret  
  162  11:13  Starport Tech Lab  
  162  11:14  Starport Tech Lab  
  162  11:20  Missile Turret x2  
  162  11:21  Missile Turret  
  162  11:25  Starport Tech Lab  
  162  11:26  Viking  
  162  11:27  Fusion Core  
  163  11:45  Missile Turret  
  163  11:46  Missile Turret  
  161  11:50  Refinery  
  138  11:56  Refinery  
  134  12:05  Sensor Tower  
  125  12:26  SCV x2  
  127  12:30  SCV  
  127  12:31  Refinery  
  127  12:34  Refinery  
  128  12:41  Terran Vehicle And Ship Armor Level 3, Terran Ship Weapons Level 1  
  128  12:46  Starport Tech Lab  
  128  12:48  Battlecruiser x2  
  128  12:49  Viking x2  
  144  12:55  Missile Turret  
  144  12:56  Hellion  
  144  12:57  Refinery  
  144  12:58  Refinery, SCV x4  
  150  13:02  Missile Turret  
  150  13:03  Missile Turret, Sensor Tower  
  150  13:06  Weapon Refit  
  150  13:08  Battlecruiser  
  150  13:09  Hellion x4  
  150  13:10  SCV x2  
  166  13:18  Hellion  
  168  13:26  SCV  
  169  13:30  Hellion x2  
  169  13:32  Thor  
  169  13:33  Hellion  
  181  13:39  Hellion  
  183  13:51  Siege Tank  
  183  13:52  Battlecruiser  
  183  13:53  Battlecruiser  
  198  14:24  Hellion  
  198  14:30  Building Armor  
  200  14:35  Terran Vehicle Weapons Level 3  
  200  14:58  Viking  
  194  15:15  Corvid Reactor  
  190  15:31  Thor  
  165  16:26  Thor  
  165  16:27  Viking x5  
  165  16:28  Viking  
  137  16:52  Hellion x2  
  137  16:53  Hellion x2  
  127  16:57  Viking x5  
  127  16:58  Viking  
  118  17:27  Viking x3  
  119  17:32  Viking x3  
Tags
 
Composition
Mech
League
Diamond
Matchup
TvZ
Spawn Locations
Close Positions
Add a new tag
Caveats
  • Supply blocks, unpowered buildings, or Contaminate may cause inaccurate times.
  • Supply counts are checked every 10 seconds.